Cogmind - Beta 9.4 @@@ ROGUE MODE // 2020.03.29 @ 22:34:49 Player: erp.lsf Result: Destroyed by G-34 Mercenary with Small Laser Performance ------------- Evolutions (1) 500 Regions Visited (3) 600 Robots Destroyed (28) 140 Value Destroyed (673) 673 Prototype IDs (0) 0 Alien Tech Used (0) 0 Bonus (0) 0 TOTAL SCORE: 1913 Bonus ------- None Cogmind --------- Core Integrity 0/400 Matter 230/300 Energy 250/250 System Corruption 0% Temperature Cool (6) Movement Walking (120) Location -9/Storage Parts ------- > --- POWER (1) -------- Ion Engine > --- PROPULSION (3) --- Aluminum Leg Aluminum Leg Wheel > --- UTILITY (3) ------ Small Storage Unit Targeting Computer > --- WEAPON (2) ------- Light Assault Rifle Heavy Assault Rifle > --- INVENTORY (6) ---- Ion Engine Small Storage Unit Small Laser Particle Gun Assault Rifle Peak State ------------ > --- POWER ------------ Improved Ion Engine > --- PROPULSION ------- Wheel Compact Wheel Compact Wheel > --- UTILITY ---------- Small Storage Unit Small Storage Unit Small Storage Unit > --- WEAPON ----------- Heavy Assault Rifle Heavy Assault Rifle > --- INVENTORY -------- Ion Engine Ion Engine Wheel Targeting Computer Small Laser Particle Gun Assault Rifle Light Assault Rifle Heavy Assault Rifle [Rating: 13] Favorites ----------- Power Ion Engine Engine Ion Engine Propulsion Compact Wheel Leg Aluminum Leg Wheel Compact Wheel Utility Small Storage Unit Storage Small Storage Unit Processor Targeting Computer Protection Light Armor Plating Weapon Heavy Assault Rifle Energy Gun Small Laser Ballistic Gun Heavy Assault Rifle Build | -11 -10 -9 -9 ------- Run | Scr Mat Mat Sto Slots Evolved 2 | . . 2 . Power . | . . . . Propulsion 1 | . . 1 . Utility 1 | . . 1 . Weapon . | . . . . Parts Attached 42 | 6 2 20 14 Power 11 | 1 1 5 4 Engine 11 | 1 1 5 4 Core . | . . . . Reactor . | . . . . Propulsion 14 | 2 . 6 6 Treads . | . . . . Leg 3 | . . 1 2 Wheel 11 | 2 . 5 4 Hover . | . . . . Flight . | . . . . Utility 5 | 1 1 2 1 Device . | . . . . Storage 3 | 1 . 2 . Processor 1 | . . . 1 Hackware . | . . . . Protection 1 | . 1 . . Artifact . | . . . . Weapon 12 | 2 . 7 3 Energy Gun 2 | 1 . 1 . Energy Cannon . | . . . . Ballistic Gun 10 | 1 . 6 3 Ballistic Cannon . | . . . . Launcher . | . . . . Special Weapon . | . . . . Impact Weapon . | . . . . Slashing Weapon . | . . . . Piercing Weapon . | . . . . Special Melee Weapon . | . . . . Unidentified Prototypes . | . . . . Parts Lost 16 | . . 9 7 Power 3 | . . 2 1 Propulsion 7 | . . 4 3 Utility 2 | . . 1 1 Weapon 4 | . . 2 2 Highest Loss Streak 7 | . . 4 7 Average Slot Usage (%) 89 | . 98 84 93 Engine 11 | . 14 10 10 Leg 1 | . . 1 1 Wheel 24 | . 28 21 26 Storage 25 | . 14 27 27 Processor 1 | . . . 3 Protection 2 | . 12 1 . Energy Gun 4 | . 14 5 . Ballistic Gun 18 | . 14 17 22 Naked Turns . | . . . . Heaviest Build 25 | 10 15 25 25 Greatest Support 48 | 26 26 48 42 Greatest Overweight (x) 4 | . . 4 1 Average Overweight (x) . | . . . . Largest Inventory Capacity 10 | 6 6 10 10 Average Capacity 8 | 5 6 8 9 Most Carried 10 | 2 4 10 9 Average Carried 6 | . 3 6 8 Final Capacity 10 | 6 6 10 6 Final Carried 9 | 2 4 9 5 Class Distribution -------------------- 57% | Scavenger-Mutant 42% | Mutant Dominant Class ---------------- Mutant | -10/Materials Scavenger-Mutant | -9/Materials Scavenger-Mutant | -9/Storage Resources | -11 -10 -9 -9 ----------- Run | Scr Mat Mat Sto Matter Collected 808 | 257 22 350 179 Remotely . | . . . . Salvage Created 1053 | . 51 787 215 Parts 61 | . 5 40 16 Haulers Intercepted 1 | . . 1 . Recyclers Shooed 2 | . . 2 . Parts Field Recycled . | . . . . Retrieved Matter . | . . . . Parts Self-Destructed . | . . . . Prevented . | . . . . Kills | -11 -10 -9 -9 ------- Run | Scr Mat Mat Sto Combat Hostiles Destroyed 23 | . 3 14 6 Guns 23 | . 3 14 6 Classes Destroyed 8 | . 1 7 . Worker 1 | . . 1 . Builder 1 | . . 1 . Hauler 1 | . . 1 . Recycler 2 | . . 2 . Swarmer 9 | . 3 4 2 Grunt 10 | . . 7 3 Duelist 2 | . . 1 1 Sentry 2 | . . 2 . Best Kill Streak 6 | . 3 6 6 Combat Bots Only 6 | . 3 5 6 Max Kills in Single Turn 2 | . 1 2 1 Gunslinging 1 | . . 1 . Exploded . | . . . . Melee . | . . . . Uniques/NPCs Destroyed . | . . . . Combat | -11 -10 -9 -9 -------- Run | Scr Mat Mat Sto Damage Taken 1941 | . 41 1216 684 Core 422 | . 15 230 177 Absorbed by Shields . | . . . . Core Remaining (%) 97 | 100 94 . . Volleys Fired 87 | . 3 59 25 Largest 2 | . 2 2 2 Hottest 60 | . 60 60 46 Shots Fired 174 | . 6 118 50 Gun 174 | . 6 118 50 Cannon . | . . . . Launcher . | . . . . Special . | . . . . Kinetic 157 | . 3 104 50 Thermal 17 | . 3 14 . Explosive . | . . . . Electromagnetic . | . . . . Robot Hit Streak 18 | . 4 14 18 Robot Miss Streak 4 | . . 4 3 Penetration Max . | . . . . Secondary Targets 2 | . . 1 1 Max Gunslinging Chain 1 | . . 1 1 Shots Hit Robots 126 | . 4 84 38 Core Hits 51 | . 3 36 12 Critical Hits 1 | . . 1 . Critical Kills . | . . . . Critical Parts Destroyed 1 | . . 1 . Melee Attacks . | . . . . Impact . | . . . . Slashing . | . . . . Piercing . | . . . . Sneak Attacks . | . . . . Combat Hostiles . | . . . . Follow-up Attacks . | . . . . Damage Inflicted 1511 | . 49 979 483 Guns 1511 | . 49 979 483 Cannons . | . . . . Explosions . | . . . . Melee . | . . . . Ramming . | . . . . Kinetic 1354 | . 14 857 483 Thermal 157 | . 35 122 . Explosive . | . . . . Electromagnetic . | . . . . Impact . | . . . . Slashing . | . . . . Piercing . | . . . . Highest Corruption . | . . . . Average Corruption . | . . . . Corruption Purged . | . . . . Overload Shots . | . . . . Overflow Damage . | . . . . Projectiles . | . . . . Explosions . | . . . . Melee . | . . . . Knockbacks . | . . . . Impact . | . . . . Kinetic . | . . . . Secondary . | . . . . Self-Inflicted Damage . | . . . . Shots . | . . . . Rammed . | . . . . Targets Rammed . | . . . . Kicked . | . . . . Crushed . | . . . . Highest Temperature 44 | . 18 44 11 Average Temperature 10 | . 8 12 5 Received Heat Transfer 429 | . . 300 129 Siege Activations . | . . . . Robots Corrupted . | . . . . Combat Hostiles . | . . . . Parts Fried . | . . . . Impact Corruptions . | . . . . Robots Melted . | . . . . Combat Hostiles . | . . . . Parts Melted . | . . . . Heat Transferred 350 | . 75 275 . Parts Sabotaged . | . . . . Parts Stolen . | . . . . Parts Stripped . | . . . . Power Chain Reactions . | . . . . Missiles Intercepted . | . . . . Alert | -11 -10 -9 -9 ------- Run | Scr Mat Mat Sto Peak Influence 306 | . 70 306 95 Average Influence 105 | . 54 172 40 Maximum Alert Level 1 | . . 1 . Low Security (%) 79 | 100 100 57 100 Level 1 20 | . . 42 . Level 2 . | . . . . Level 3 . | . . . . Level 4 . | . . . . Level 5 . | . . . . High Security . | . . . . Max Security . | . . . . Squads Dispatched 1 | . . 1 . Investigation . | . . . . Extermination . | . . . . Reinforcement 1 | . . 1 . Assault . | . . . . Garrison . | . . . . Intercept . | . . . . Construction Impeded . | . . . . Haulers Reinforced . | . . . . Stealth | -11 -10 -9 -9 --------- Run | Scr Mat Mat Sto Distress Signals 2 | . . . 2 Communications Jammed . | . . . . Distress Signals . | . . . . Times Spotted 43 | . 4 26 13 Peak Tracking Total 7 | . 3 7 6 Tactical Retreats 6 | . 1 3 2 Traps | -11 -10 -9 -9 ------- Run | Scr Mat Mat Sto Traps Triggered 3 | . . . 3 Indirectly . | . . . . Trap Hack Attempts . | . . . . Triggered . | . . . . Disarmed . | . . . . Reprogrammed . | . . . . Reused . | . . . . Traps Extracted . | . . . . Installed . | . . . . Triggered . | . . . . Machines | -11 -10 -9 -9 ---------- Run | Scr Mat Mat Sto Machines Disabled . | . . . . Max in Single Turn . | . . . . Machines Sabotaged . | . . . . Garrisons Compromised . | . . . . Overloaded Fab Kills . | . . . . Fab Network Shutdowns . | . . . . Hacking | -11 -10 -9 -9 --------- Run | Scr Mat Mat Sto Machines Accessed 2 | . . . 2 Terminals 2 | . . . 2 Fabricators . | . . . . Repair Stations . | . . . . Recycling Units . | . . . . Scanalyzers . | . . . . Garrison Access . | . . . . Total Hacks 3 | . . . 3 Successful 3 | . . . 3 Failed . | . . . . Catastrophic . | . . . . Database Lockouts . | . . . . Manual 1 | . . . 1 Terminals 3 | . . . 3 Fabricators . | . . . . Repair Stations . | . . . . Recycling Units . | . . . . Scanalyzers . | . . . . Garrison Access . | . . . . Terminal Hacks 3 | . . . 3 Open Door 1 | . . . 1 Level Access Points 1 | . . . 1 Alert Level 1 | . . . 1 Fabricator Hacks . | . . . . Repair Station Hacks . | . . . . Recycling Unit Hacks . | . . . . Scanalyzer . | . . . . Garrison Access Hacks . | . . . . Unauthorized Hacks . | . . . . Terminals . | . . . . Fabricators . | . . . . Repair Stations . | . . . . Recycling Units . | . . . . Scanalyzers . | . . . . Garrison Access . | . . . . Data Cores Recovered . | . . . . Used . | . . . . Hacking Detections 1 | . . . 1 Full Trace Events . | . . . . Feedback Events . | . . . . Feedback Blocked . | . . . . Robot Schematics Acquired . | . . . . Robots Built . | . . . . Matter . | . . . . Time . | . . . . Total Robot Build Rating . | . . . . Part Schematics Acquired . | . . . . Parts Built . | . . . . Matter . | . . . . Time . | . . . . Total Part Build Rating . | . . . . Parts Repaired . | . . . . Time . | . . . . Parts Recycled . | . . . . Recycled Matter . | . . . . Retrieved Matter . | . . . . Retrieved Components . | . . . . Parts Scanalyzed . | . . . . Part Schematics Acquired . | . . . . Parts Damaged . | . . . . Bothacking | -11 -10 -9 -9 ------------ Run | Scr Mat Mat Sto Used RIF Installer . | . . . . Robots Hacked . | . . . . Non-combat . | . . . . Combat . | . . . . Robot Hacks Applied . | . . . . Relay Couplers Released . | . . . . Robots Rewired . | . . . . Allies Hacked . | . . . . Hacks Repelled . | . . . . Allies | -11 -10 -9 -9 -------- Run | Scr Mat Mat Sto Total Allies . | . . . . Largest Group . | . . . . Highest-Rated Group . | . . . . Highest-Rated Ally . | . . . . Total Orders 2 | . . . 2 ROAM 1 | . . . 1 EXPLORE 1 | . . . 1 Ally Attacks . | . . . . Total Damage . | . . . . Kills . | . . . . Allies Corrupted . | . . . . Allies Melted . | . . . . Intel | -11 -10 -9 -9 ------- Run | Scr Mat Mat Sto Robot Analysis Total . | . . . . Derelict Logs Recovered . | . . . . Drone Launches 16 | . . . 16 Drone Recoveries . | . . . . Exploration | -11 -10 -9 -9 ------------- Run | Scr Mat Mat Sto Turns Passed 1123 | 53 158 550 362 Spaces Moved 595 | 47 137 309 102 Core 6 | 1 . 5 . Treads . | . . . . Legs 23 | . . 11 12 Wheels 566 | 46 137 293 90 Hover . | . . . . Flight . | . . . . Fastest Speed 50 | 50 90 90 90 Average Speed 96 | 89 90 100 96 Slowest Speed 250 | 100 90 250 150 Overloaded Moves . | . . . . Propulsion Burnouts . | . . . . Robots Hopped . | . . . . Cave-ins Triggered . | . . . . Exploration Rate (%) 33 | 3 30 31 68 Regions Visited 3 Branch Regions 1 Pre-discovered Areas . | . . . . Known Exits Taken . | . . . . Unknown Exits Taken 3 | 1 1 1 . Scrap Searched . | . . . . Spaces Dug . | . . . . Terrain Destroyed . | . . . . Melee . | . . . . Projectile . | . . . . AOE . | . . . . Actions | -11 -10 -9 -9 --------- Run | Scr Mat Mat Sto Total 966 | 54 164 436 312 Wait 222 | . 22 38 162 Move 592 | 46 136 308 102 Hop . | . . . . Pick Up 8 | 2 1 5 . Fast Attach 24 | 6 1 9 8 Attach 7 | . . 3 4 Detach 1 | . . 1 . Swap 11 | . 1 8 2 Drop 6 | . . 5 1 Fire 87 | . 3 59 25 Melee . | . . . . Ram . | . . . . Kick . | . . . . Crush . | . . . . Escape Stasis . | . . . . Rewire . | . . . . Trap . | . . . . Miscellaneous 8 | . . . 8 Route ------- -11/Scrapyard -10/Materials (discovered 2 exits: [*Mat] / [*Min]) -9/Materials (discovered 2 exits: [*Min] / *Sto) -9/Storage (discovered 1 exit: Mat) History --------- Turn | Location | Event 14 | -11/Scrapyard | Discovered new exit (range 16) 54 | -11/Scrapyard | Entered Materials 169 | -10/Materials | Discovered new exit (range 16) 200 | -10/Materials | Discovered new exit (range 14) 212 | -10/Materials | Entered another Materials area 212 | -9/Materials | Evolved 2 slots: Propulsion x1, Utility x1 333 | -9/Materials | Build established: Mutant 342 | -9/Materials | Lost 4 parts (1p1n1u1w) 583 | -9/Materials | Discovered new exit (range 7) 681 | -9/Materials | Core integrity fell below 50% 718 | -9/Materials | Discovered new exit (range 5) 721 | -9/Materials | Lost 3 parts (1p2n) 762 | -9/Materials | Entered Storage 794 | -9/Storage | Identified exit to Materials 989 | -9/Storage | Build established: Scavenger-Mutant 1068 | -9/Storage | Core integrity fell below 20% 1101 | -9/Storage | Lost 7 parts (1p3n1u2w) 1124 | -9/Storage | Destroyed by G-34 Mercenary with Small Laser Last Messages --------------- 01070_ Sml. Storage Unit destroyed. 01071_ R-06 Scavenger collects Aluminum Leg. 01073_ L-31 Rogue destroyed. 01074_ R-06 Scavenger collects Imp. Aluminum Leg. 01075_ K-01 Serf collects debris. 01076_ S-10 Pest destroyed. 01078_ K-01 Serf collects debris. 01083_ K-01 Serf cleans the Compression Vault. 01085_ S-10 Pest destroyed. 01086_ K-01 Serf collects debris. 01088_ Acquired 30 matter. 01089_ K-01 Serf collects debris. 01090_ Acquired Aluminum Leg. 01093_ K-01 Serf cleans the Compression Vault. 01097_ K-01 Serf collects debris. 01097_ Acquired Aluminum Leg. 01101_ K-01 Serf cleans the Compression Vault. 01103_ Acquired 59 matter. 01106_ K-01 Serf cleans the Compression Vault. 01106_ Acquired 84 matter. Map ----- +----------------------------------------------------+ | ?# #####+#########+#########+###########+##### | | ?# *! #?? | | ?# =%! ##? | | ?# % % = T#? | | ?########### ############## ##? | | ???????????# #????????????# #?? | | ???????????# #????????????# #?? | | ???????????# #????????????# ###+##########?? | | ???????????# %#??????????####+## #?????? | | ???????????# #####??????# # """ #?????? | | ???????????# #* ##?????#""" !# """ #?????? | | ???????????# + T#?????#""" # """ #?????? | | ???????????# ### ##?????#""" # #?????? | | ???????????# ##! !#?????#""" # """ #?????" | | ???????????# ##! !#?????#""" # """ ####??" | | ?########### ##! !#?????# # """ + #? | | ?# "T" # ##! !#?????####### # #? | | ?# # ###########??????#######+## # "" | | ## # # #???????# # "" | | # || / # #???????# + "" | | ?# || # #%% #???????# # | | ?# %|| # =/#!= #?############## # | | ?# +% %+!""" """ #? """ """ ????# #? | | ?# # # """ """ # """ """???#?# #?## | | ############ ### """ """ # """ """ ??# #??? | | # ## #?# ! @ # #?# #??? | | # ## #?#######g### ??????# +??? | | # """ """ ## #########%# ######/######## #??? | | # """ """ # % % % #??? | | # """ """%/ % #??? | | # # % #??? | | # [# ###########+##########T#####+##??? | | # # #+##### #??###?????????? | | #####+##### # # """ """ """ #??????????????? | | ????# #???# # """# """ """ """ #??????????????? | | ????# #???# # """# """ """ """ #?????????????? | | ????# #???# + """# ##?????????????? | | ????# #???# # # #??????????????? | | ????# ##### #####################??????????????? | | ????# % + #????????????????? | | ????# ######## ###### """" #????????????????? | | ????# #??????# #????# "?????????????????????? | | ????# #??????# #????# "?????????????????????? | | ????# #??????# #????# "?????????????????????? | | ????#+######## #????# "?????????????????????? | | ????# # ####?# """" #????????????????? | | ????# """ # #T"#?# #????????????????? | | ????# """ # # "#######/###############??????? | | ????# """ # ????? | | ???# """ + ????? | +----------------------------------------------------+ Best States ------------- Heat Dissipation 28 Energy Generation 12 Energy Capacity 265 Matter Stores 300 Matter Capacity 300 Sight Range 16 Terrain Scan Density 10 Armor Coverage 150 Evasion (%) 42 Targeting Accuracy 5 Item Schematics ----------------- None Robot Schematics ------------------ None Fabricated ------------ Nothing Alien Tech Used ----------------- None Achievements -------------- None Challenges ------------ None Game ------ Seed ThrusterHoverAccelerator Manual? 0 Play Time 00:15:19 Cumulative 26.2 hours Start 2020.03.29 @ 22:22:13 End 2020.03.29 @ 22:34:49 Sessions 1 Manual Loads 0 Difficulty Rogue Special Mode None Game No. 37 Rogue 37 Adventurer 0 Explorer 0 Win Type - Total 0 Types 0/0/0/0/0/0/0 Lore% 19 Gallery% 29 Achievement% 23 Wizard Run 0 Options --------- ASCII 0 Keyboard 1 Movement Numpad Keybinds 0 Fullscreen 2 Font 24/Smallcaps Map View 76x50 Tactical HUD 1 Map Filters NONE Filters NONE Steam 1 RUN: 878e3a10-8805-49ee-808c-35da6a68cfcd